AoeStats
← Insanesticker

Arabia

506265476Analyzed
1v1 RM · 21d ago on Sep 13, 2026· 51m 43s· 2 players
Game mode
Random Map
Map size
Tiny (2 player)
Population
200
Speed
Normal
Resources
Standard
Victory
Conquest
Starting age
Dark Age
Ending age
Imperial Age
RankedLock teamsTeams togetherTeam positionsShared explorationLock speedFull tech treeHidden civsTurbo modeCheats
Victory
Defeat
🇦🇷 Burmese · Argentina
1053
+15
🇦🇺 Britons · Australia
1037
-15
Insanesticker
9:08 Loom
10:55 Feudal Age
16:17 Horse Collar
16:24 Double-Bit Axe
21:57 Castle Age
22:02 Crossbowman
26:43 Fletching
28:16 Bodkin Arrow
31:29 Pikeman
32:14 Squires
33:29 Wheelbarrow
39:28 Heated Shot
40:00 Ballistics
39:21 Treadmill Crane
39:55 Masonry
40:29 Forging
40:21 Padded Archer Armor
40:23 Scale Mail Armor
44:39 Yeomen
44:43 Leather Archer Armor
46:41 Murder Holes
PNAL | Chino_ss
7:30 Loom
10:39 Feudal Age
10:40 Man-at-Arms
14:05 Bloodlines
15:26 Horse Collar
18:06 Scale Barding Armor
18:58 Forging
24:54 Castle Age
26:13 Husbandry
27:20 Light Cavalry
29:12 Iron Casting
29:42 Wheelbarrow
28:52 Town Watch
30:12 Chain Barding Armor
31:43 Heavy Plow
32:26 Fervor
32:35 Gold Mining
32:35 Stone Mining
32:49 Stone Mining
32:57 Town Watch
37:43 Imperial Age
36:36 Manipur Cavalry
37:44 Cavalier
39:01 Plate Barding Armor
39:26 Blast Furnace
39:34 Blast Furnace
40:51 Redemption
40:41 Devotion
43:20 Crop Rotation
46:00 Scale Mail Armor
47:41 Ballistics
49:18 Faith
50:17 Chemistry
50:02 Hussar
Connection lost

Rejoining the realm…

Still unreachable

The connection could not be restored.

Session expired

The server has moved on; the page needs a fresh start.